Map: Ascension to Aiur LE

Players

SamuraiFunn - Winner!

  • Race: Protoss Protoss
  • Spawn Location: 11:00

A.I. 1 (Harder)

  • Race: Terran Terran
  • Spawn Location: 5:00

VOD

Have the link to the VOD?

Description

Time

  • Played on: Nov. 9, 2017, 10:26 p.m.
  • Length: 19:03
Show
View Real Time Build Order
Export as new Build Order

SamuraiFunn Protoss - Winner!

Build Orders:  

Get SALT Encoding   

  12  0:04  Probe (Chrono Boost)  
  13  0:14  Probe (Chrono Boost)  
  13  0:20  Pylon  
  14  0:27  Probe (Chrono Boost)  
  15  0:39  Probe (Chrono Boost)  
  16  0:43  Assimilator  
  16  0:49  Probe (Chrono Boost)  
  17  0:54  Gateway  
  17  1:00  Probe (Chrono Boost)  
  18  1:13  Probe (Chrono Boost)  
  18  1:14  Pylon  
  19  1:22  Assimilator  
  19  1:23  Probe (Chrono Boost)  
  20  1:32  Gateway  
  20  1:34  Probe (Chrono Boost)  
  21  1:44  Cybernetics Core  
  21  1:47  Probe (Chrono Boost)  
  22  1:53  Zealot  
  24  2:03  Probe (Chrono Boost)  
  25  2:17  Pylon  
  25  2:18  Probe (Chrono Boost)  
  25  2:20  Zealot  
  25  2:21  Zealot  
  30  2:23  Warp Gate (Chrono Boost)  
  30  2:30  Twilight Council  
  30  2:41  Probe (Chrono Boost)  
  31  2:48  Zealot  
  33  2:52  Zealot  
  35  3:00  Robotics Facility  
  35  3:07  Assimilator  
  35  3:17  Pylon  
  35  3:25  Pylon  
  35  3:26  Zealot x2  
  39  3:51  Nexus  
  39  3:58  Probe (Chrono Boost)  
  39  4:01  Zealot (Chrono Boost)  
  42  4:08  Zealot (Chrono Boost)  
  44  4:10  Probe (Chrono Boost)  
  45  4:22  Probe (Chrono Boost)  
  46  4:37  Charge (Chrono Boost)  
  46  4:53  Zealot x2  
  54  5:00  Immortal (Chrono Boost)  
  54  5:05  Pylon  
  54  5:09  Forge  
  54  5:10  Probe  
  54  5:12  Probe  
  56  5:21  Probe, Assimilator  
  56  5:24  Probe  
  58  5:31  Stalker  
  58  5:32  Stalker  
  62  5:41  Robotics Facility  
  62  5:46  Probe  
  62  5:47  Probe, Pylon  
  68  5:57  Immortal  
  68  6:16  Probe  
  68  6:17  Probe  
  70  6:37  Nexus  
  70  6:39  Probe  
  70  6:40  Probe, Pylon  
  70  6:43  Pylon, Stalker x2  
  70  6:46  Assimilator  
  76  6:51  Immortal  
  80  7:01  Templar Archives  
  80  7:04  Probe  
  80  7:05  Pylon  
  80  7:06  Probe  
  82  7:17  Protoss Ground Weapons Level 1  
  82  7:30  Immortal (Chrono Boost)  
  82  7:32  Immortal (Chrono Boost)  
  90  7:42  Stalker x2  
  94  7:48  Gateway  
  94  7:52  Gateway  
  94  7:56  Probe  
  94  7:57  Probe  
  94  7:58  Probe  
  97  8:00  Psionic Storm, Pylon  
  97  8:07  High Templar  
  97  8:08  High Templar  
  101  8:16  Probe  
  101  8:18  Probe x2  
  104  8:25  Immortal (Chrono Boost)  
  108  8:28  Warp Prism (Chrono Boost)  
  108  8:32  Probe  
  112  8:34  Probe x2  
  113  9:17  Immortal x2 (Chrono Boost)  
  121  9:21  Protoss Shields Level 1  
  121  9:29  Stalker x4  
  129  9:32  Probe  
  129  9:33  Probe x2  
  132  9:44  Pylon  
  132  9:49  Pylon  
  132  9:51  Pylon  
  132  9:52  Pylon  
  132  10:02  Immortal (Chrono Boost)  
  132  10:03  Immortal (Chrono Boost)  
  140  10:09  Stalker x3  
  140  10:12  Stalker  
  146  10:37  Immortal x2 (Chrono Boost)  
  128  11:16  Immortal (Chrono Boost)  
  128  11:17  Stalker x4  
  136  11:20  Immortal (Chrono Boost)  
  144  11:29  Blink (Chrono Boost)  
  144  11:44  Protoss Ground Weapons Level 2 (Chrono Boost)  
  144  11:51  Immortal  
  144  11:53  Stalker x4  
  152  11:58  Immortal  
  160  12:08  Gateway  
  160  12:09  Gateway  
  160  12:12  Gateway  
  160  12:13  Gateway  
  160  12:16  Robotics Facility  
  160  12:18  Robotics Facility x2  
  160  12:20  Robotics Facility  
  160  12:29  Assimilator  
  160  12:31  Stalker  
  160  12:32  Stalker  
  122  15:05  Immortal  
  120  15:10  Immortal x5  
  144  15:15  Stalker x5  
  144  15:16  Stalker x2  
  144  15:17  Stalker  
  160  15:41  Warp Prism  
  160  15:48  Warp Prism  
  164  16:13  Warp Prism  
  164  16:16  Immortal  
Show
View Real Time Build Order
Export as new Build Order

A.I. 1 (Harder) Terran 

Build Orders: MMM Bio 

Get SALT Encoding   

  12  0:00  SCV  
  13  0:13  SCV  
  14  0:19  Supply Depot  
  14  0:25  SCV  
  15  0:40  SCV  
  15  0:42  Barracks  
  16  0:49  Refinery  
  16  0:53  SCV  
  17  1:05  SCV  
  18  1:17  SCV  
  19  1:22  Supply Depot  
  19  1:29  SCV, Marine  
  21  1:40  Barracks  
  21  1:42  Orbital Command  
  21  1:46  Marine  
  22  1:48  Refinery  
  22  2:05  Barracks Tech Lab  
  22  2:09  Supply Depot  
  22  2:23  Marine  
  23  2:30  Marine  
  24  2:42  Marauder  
  26  2:47  Supply Depot  
  26  2:48  Marine  
  27  3:02  Marine  
  28  3:06  Marine  
  29  3:15  Supply Depot  
  29  3:21  SCV, Marauder  
  29  3:24  Marine  
  33  3:33  SCV, Engineering Bay  
  34  3:42  Marauder  
  34  3:45  SCV  
  37  3:57  SCV  
  38  4:04  Marauder  
  38  4:09  SCV  
  41  4:13  Supply Depot  
  41  4:21  SCV  
  42  4:25  Marauder  
  44  4:46  Marauder  
  46  5:08  Marauder  
  48  5:29  Marauder  
  50  5:41  Barracks Tech Lab  
  50  5:42  Terran Infantry Weapons Level 1, Stimpack  
  50  5:44  Factory  
  50  5:47  Factory, Command Center  
  50  5:49  Supply Depot  
  50  5:50  Marine  
  51  5:58  Combat Shields  
  51  5:59  Marine  
  52  6:06  Ghost Academy  
  52  6:08  Marine  
  53  6:17  Marine  
  54  6:26  Marine  
  54  6:28  Factory Tech Lab  
  54  6:30  Starport  
  55  6:34  Starport, Marine  
  55  6:35  Factory Tech Lab, Missile Turret  
  55  6:38  Missile Turret  
  56  6:43  Marine  
  57  6:52  Marine  
  58  6:55  Supply Depot  
  58  6:59  SCV  
  58  7:00  SCV  
  58  7:01  Bunker, Reaper  
  60  7:05  Refinery  
  61  7:09  Starport Tech Lab  
  61  7:10  Ghost  
  61  7:11  Starport Tech Lab  
  61  7:12  SCV x2  
  61  7:14  Missile Turret  
  65  7:17  Concussive Shells  
  65  7:24  SCV  
  65  7:25  SCV, Missile Turret  
  65  7:29  Raven  
  69  7:30  Raven  
  69  7:34  Reaper  
  69  7:36  SCV, Terran Infantry Armor Level 1  
  73  7:37  SCV  
  74  7:47  Sensor Tower  
  74  7:48  SCV  
  74  7:49  SCV  
  74  7:50  Bunker  
  76  8:00  SCV  
  76  8:01  SCV  
  76  8:02  Armory  
  78  8:12  SCV  
  79  8:15  SCV, Barracks  
  80  8:24  SCV  
  81  8:27  SCV  
  82  8:36  SCV  
  83  8:47  Refinery  
  83  9:02  Barracks Reactor  
  83  9:20  SCV  
  83  10:00  Medivac, Banshee  
  83  10:06  Factory  
  88  10:13  Starport, Command Center  
  88  10:14  Supply Depot  
  88  10:16  Engineering Bay  
  88  10:27  Terran Infantry Weapons Level 2  
  88  10:30  Medivac  
  90  10:36  Siege Tank  
  90  10:37  Supply Depot  
  90  10:40  Cyclone  
  84  10:43  Medivac  
  84  10:44  Marauder  
  84  10:47  Marine  
  84  10:49  Starport Reactor, Factory Tech Lab  
  66  10:50  Marine  
  66  10:54  Marauder  
  64  11:00  Raven  
  66  11:04  Marine  
  66  11:05  Marauder  
  66  11:08  Marine  
  70  11:13  Raven  
  70  11:15  Marine  
  73  11:22  Marine  
  74  11:26  SCV, Marine x2  
  74  11:27  SCV x2  
  74  11:29  Terran Infantry Armor Level 2  
  79  11:33  Marine  
  79  11:38  SCV  
  79  11:39  SCV x2, Refinery  
  83  11:40  Marine, Missile Turret, Terran Vehicle Weapons Level 1  
  83  11:43  Raven  
  83  11:44  Marine x2, Missile Turret  
  83  11:46  Refinery  
  88  11:50  SCV  
  88  11:51  SCV, Marine  
  88  11:52  SCV  
  92  11:56  Banshee  
  92  11:58  Marine  
  96  12:01  Marine x2  
  96  12:03  SCV, Bunker  
  96  12:05  SCV x2  
  101  12:09  Marauder  
  101  12:13  Fusion Core  
  101  12:15  SCV  
  104  12:17  SCV  
  104  12:19  SCV  
  106  12:23  Armory  
  106  12:27  SCV  
  106  12:29  SCV  
  108  12:32  Command Center  
  108  12:36  SCV  
  108  12:58  SCV  
  108  13:00  Marine  
  108  13:04  Marine  
  95  13:08  Marine, Viking  
  95  13:09  Hellion  
  95  13:10  Supply Depot  
  95  13:12  Marine  
  83  13:16  Viking  
  83  13:18  Marine  
  69  13:22  Marine  
  69  13:26  Marine  
  56  13:30  Marauder  
  53  13:36  Marine  
  53  13:37  Siege Tank  
  53  13:39  Cyclone  
  53  13:40  Marine  
  59  13:43  Marine, Siege Tank  
  63  13:51  Viking  
  63  13:52  Marauder  
  63  13:54  Marine  
  68  14:01  Viking  
  68  14:02  Marauder  
  71  14:10  Hellion  
  71  14:13  Marauder  
  70  14:18  Viking  
  47  14:38  Marine  
  47  14:39  Marine  
  32  14:46  Viking  
  32  14:49  Viking  
  32  14:50  Hellion  
  31  14:56  Marine  
  31  14:58  Marauder  
  19  15:27  Command Center  
  19  15:48  SCV  
  13  16:00  SCV  
  11  16:12  SCV  
Tags
 
Composition
MMM Bio
Matchup
PvT
Replay Pack
First 100 games
Spawn Locations
Cross Positions
Add a new tag
Caveats
  • Supply blocks, unpowered buildings, or Contaminate may cause inaccurate times.
  • Supply counts are checked every 10 seconds.